 Dungeon Crawl Stone Soup version 0.31-a0-851-g7ff8af7976 (webtiles) character file.

Game seed: 8328008586485942259

24005 jasper the Zephyrmancer (level 13, -2/133 HPs)
             Began as an Ogre Air Elementalist on Oct 6, 2023.
             Was a Believer of Vehumet.
             Slain by a skyshark (6 damage)
             ... on level 2 of the Lair of Beasts.
             The game lasted 00:27:11 (19882 turns).

jasper the Zephyrmancer (Ogre Air Elementalist)    Turns: 19882, Time: 00:27:12

Health: -2/133     AC: 10    Str: 15    XL:     13   Next: 10%
Magic:  19/27      EV:  9    Int: 26    God:    Vehumet [**....]
Gold:   196        SH:  0    Dex:  9    Spells: 6/32 levels left

rFire   . . .        C - +4 trident (drain)
rCold   . . .        (no shield)
rNeg    . . .        j - +1 robe of Acafy {rPois Will+ Slay+2}
rPois   +            S - +1 hat
rElec   .            g - +0 cloak
rCorr   .            (gloves unavailable)
SInv    .            (boots unavailable)
Will    ++...        (no amulet)
Stlth   +            n - +4 ring of protection
HPRegen 0.42/turn    k - +6 ring of intelligence
MPRegen 0.20/turn

%: no passive effects
@: swift, about to teleport, quick
A: large, unfitting armour, tough skin 1
a: Renounce Religion


You were on level 2 of the Lair of Beasts.
You worshipped Vehumet.
Vehumet was pleased with you.
You visited 4 branches of the dungeon, and saw 17 of its levels.
You also visited: Bailey.

You collected 992 gold pieces.
You spent 796 gold pieces at shops.

Inventory:

Hand Weapons
 d - a +0 heavy whip
 m - a +0 flail
 x - a +1 flail of protection
 C - a +4 trident of draining (weapon)
Missiles
 c - 24 poisoned darts
 w - 28 boomerangs
 N - 2 curare-tipped darts
Armour
 a - a +1 robe
 g - a +0 cloak (worn)
 j - the +1 robe of Acafy (worn) {rPois Will+ Slay+2}
   (You took it off a hobgoblin on level 3 of the Dungeon)

   Slay+2:    It affects your accuracy & damage with ranged weapons and melee
   (+2).
   rPois:     It protects you from poison Will+: It increases your willpower.
 B - a +2 robe of resistance
 D - an orb of mayhem
 L - a +0 troll leather armour
 Q - +0 acid dragon scales
 S - a +1 hat (worn)
Jewellery
 h - a ring of wizardry
 k - a +6 ring of intelligence (right hand)
 n - a +4 ring of protection (left hand)
 q - a ring of see invisible
 u - a ring of protection from cold
 F - a ring of protection from fire
 G - a ring of protection from cold
 T - a ring of ice
 W - an amulet of guardian spirit
 X - a ring of willpower
Talismans
 r - a blade talisman
Wands
 p - a wand of acid (1)
 y - a wand of mindburst (16)
 z - a wand of flame (34)
Scrolls
 o - 5 scrolls of enchant armour
 s - 4 scrolls of fog
 t - 10 scrolls of teleportation
 E - 2 scrolls of immolation
 I - a scroll of brand weapon
 M - a scroll of fear
 R - a scroll of vulnerability
 Y - a scroll of enchant weapon
Potions
 b - a potion of magic
 e - 5 potions of brilliance
 f - 7 potions of curing
 i - 6 potions of haste
 l - 2 potions of heal wounds
 v - 2 potions of mutation
 A - 2 potions of attraction
 H - a potion of invisibility
 K - a potion of cancellation
 O - a potion of lignification
 P - a potion of might
 V - a potion of degeneration
Miscellaneous
 J - a phantom mirror


   Skills:
 - Level 10.0 Fighting
 - Level 1.7 Dodging
 - Level 1.4 Stealth
 - Level 10.0 Spellcasting
 + Level 11.4 Conjurations
 + Level 13.3 Air Magic


You had 6 spell levels left.
You knew the following spells:

 Your Spells              Type           Power      Damage    Failure   Level
a - Shock                 Conj/Air       100%       1d9       1%          1
b - Static Discharge      Conj/Air       100%       2-7/arc   1%          2
c - Swiftness             Air            70%        N/A       1%          3
d - Airstrike             Air            35%        2d(5-21)  1%          4
e - Summon Lightning Spi  Summ/Air       47%        N/A       3%          4
f - Arcjolt               Conj/Air       33%        1d43      1%          5
g - Conjure Ball Lightni  Conj/Air       33%        3x3d11    4%          6
h - Apportation           Tloc           26%        N/A       4%          1

Your spell library contained the following spells:

 Spells                   Type           Power      Damage    Failure   Level
 Poisonous Vapours        Pois/Air       94%        N/A       1%          2
 Foxfire                  Conj/Fire      100%       2x1d9     1%          1
 Dazzling Flash           Conj/Hex       84%        N/A       1%          3
 Iskenderun's Battlesphe  Conj           64%        2d11      1%          5
 Vhi's Electric Charge    Tloc/Air       94%        N/A       3%          4
 Brom's Barrelling Bould  Conj/Erth      42%        2d6       4%          4
 Flame Wave               Conj/Fire      42%        2d11      4%          4
 Sticky Flame             Conj/Fire      42%        2d6       4%          4
 Jinxbite                 Hex            26%        N/A       7%          2
 Scorch                   Fire           26%        2d6       7%          2
 Silence                  Hex/Air        23%        N/A       9%          5
 Fireball                 Conj/Fire      21%        3d10      12%         5
 Inner Flame              Hex/Fire       13%        N/A       14%         3
 Volatile Blastmotes      Fire/Tloc      26%        2d12      14%         3
 Animate Armour           Summ/Erth      26%        N/A       41%         4
 Animate Dead             Necr           13%        N/A       41%         4
 Manifold Assault         Tloc           13%        N/A       41%         4
 Passage of Golubria      Tloc           13%        N/A       41%         4
 Plasma Beam              Fire/Air       23%        2x1d35    41%         6
 Starburst                Conj/Fire      21%        6d7       56%         6
 Alistair's Intoxication  Tmut/Pois      8%         N/A       77%         5
 Lee's Rapid Deconstruct  Erth           6%         3d6*      77%         5
 Dispersal                Tloc           6%         N/A       100%        6
 Summon Cactus Giant      Summ           6%         N/A       100%        6
 Orb of Destruction       Conj           32%        9d10      34%         7
 Maxwell's Capacitive Co  Air            35%        ∞         77%         8
 Haunt                    Necr/Summ      6%         N/A       100%        7
 Disjunction              Tloc           6%         N/A       100%        8
 Infestation              Necr           6%         N/A       100%        8
 Lehudib's Crystal Spear  Conj/Erth      21%        10d6      100%        8


Dungeon Overview and Level Annotations

Branches:
Dungeon (12/15)            Temple (1/1) D:5            Lair (2/5) D:11
    Orc (2/2) D:9          Bailey (visited)
  Swamp: Lair:2-3    Shoals: Lair:2-3     Snake: Lair:2-3    Spider: Lair:2-3
    Elf: Orc:2

Altars:
Ashenzari
Cheibriados
Dithmenos
Elyvilon
Fedhas
Gozag
Hepliaklqana
Kikubaaqudgha
Makhleb
Nemelex Xobeh
Okawaru
Qazlal
Ru
Sif Muna
Trog
Uskayaw
Vehumet
Wu Jian
Xom
Yredelemnul
Zin
The Shining One

Shops:
D:5 [*   D:8 :   Orc:1 (

Annotations:
D:3 Grinder
D:6 2 transporters, superbruh's ghost, novice MfSh
Lair:2 2 runed translucent doors
Orc:1 Erolcha


Innate Abilities, Weirdness & Mutations

You are too large for most types of armour.
You have tough skin. (AC +1)


Message History

The skyshark is heavily wounded.
The skyshark closely misses you.
The skyshark tail-slaps you but does no damage.
The skyshark tail-slaps you!
* * * LOW HITPOINT WARNING * * *
The skyshark bites you!!
* * * LOW HITPOINT WARNING * * *
The skyshark tail-slaps you!
* * * LOW HITPOINT WARNING * * *
The skyshark tail-slaps you.
* * * LOW HITPOINT WARNING * * *
You take 45 damage, and have 3/133 hp.
MASSIVE DAMAGE!!
You now have 18/27 mp.
Okay, then.
Okay, then.
You feel much better. The skyshark bites you!
* * * LOW HITPOINT WARNING * * *
The skyshark tail-slaps you but does no damage.
The skyshark tail-slaps you!
* * * LOW HITPOINT WARNING * * *
You regained 8 hp, and now have 11/133 hp.
You feel much better.
The skyshark bites you but does no damage.
The skyshark tail-slaps you but does no damage.
The skyshark barely misses you. The skyshark bites you!
* * * LOW HITPOINT WARNING * * *
The skyshark barely misses you. x2
You regained 7 hp, and now have 18/133 hp.
You feel much better. The skyshark bites you!
* * * LOW HITPOINT WARNING * * *
The skyshark tail-slaps you but does no damage.
The skyshark tail-slaps you!
* * * LOW HITPOINT WARNING * * *
You take 3 damage, and have 15/133 hp.
As you read the scroll of teleportation, it crumbles to dust.
You feel strangely unstable. The skyshark bites you!
* * * LOW HITPOINT WARNING * * *
The skyshark closely misses you. x2; The skyshark completely misses you.
The skyshark tail-slaps you but does no damage.
The skyshark tail-slaps you.
You die...

#...# ##.#.......
#.##...... #.#
...... #.# ..... #.#
######......#
###.#########P.....#
#.#l.....(..........
##.@................
##.................
#..................
#..................
##.................
###............†.###
#....#####.....†.P##
###..####.#.##......
#..##..........##.


You could see a skyshark (berserk, drained).

Vanquished Creatures
  Gastronok (D:11)
  2 two-headed ogres
  Sonja (D:11)
  A deep elf knight (D:9)
  An orc knight (Bailey)
  An ugly thing (D:11)
  2 manticores (D:11)
  A cyclops (D:11)
  2 cane toads
  A rime drake (D:11)
  A gargoyle (D:10)
  An unseen horror (D:10)
  Psyche (D:9)
  Jeremiah (D:7)
  3 komodo dragons
  2 trolls
  A wolf spider simulacrum (D:12)
  4 blink frogs (Lair:1)
  Sigmund (D:6)
  A shadow (D:9)
  A vampire (D:11)
  A basilisk (Lair:1)
  A wyvern (D:9)
  8 yaks (Lair:1)
  Eustachio (D:6)
  4 steam dragons
  4 vampire mosquitoes (D:11)
  A warg (Orc:1)
  Duvessa (D:6)
  2 acid dragons
  6 water moccasins
  6 ice beasts
  2 sky beasts
  4 orc warriors
  2 ogres
  2 centaurs
  5 wolves
  A phantom (D:6)
  A kobold brigand (D:9)
  9 bullfrogs
  4 scorpions
  3 gnoll sergeants
  A cane toad simulacrum (Lair:1)
  7 wights
  Dowan (D:6)
  2 vampire bats (D:3)
  6 howler monkeys
  2 lava snakes
  11 orc priests
  A gnoll bouda (D:7)
  5 hounds
  A jelly (D:5)
  5 orc wizards
  7 iguanas
  A polar bear simulacrum (Lair:1)
  22 gnolls
  9 adders
  2 shadow imps
  2 white imps
  A worm (D:3)
  A dart slug (D:3)
  43 orcs
  7 ball pythons
  2 bats (D:2)
  4 bat skeletons (D:3)
  3 bat zombies (D:3)
  4 endoplasms
  7 giant cockroaches
  12 goblins
  8 hobgoblins
  2 quokkas
  2 frilled lizards (D:2)
  21 kobolds
  5 rats (D:2)
305 creatures vanquished.

Vanquished Creatures (collateral kills)
  A two-headed ogre (D:10)
  2 polar bears (Lair:2)
  2 yaks (Lair:1)
  A basilisk (Lair:1)
  An orc warrior (D:10)
  A wolf (Lair:2)
  A bullfrog (Lair:2)
  An orc wizard (D:6)
  2 orcs
  A goblin (Bailey)
13 creatures vanquished.

Vanquished Creatures (others)
  23 ball lightnings
23 creatures vanquished.

Grand Total: 341 creatures vanquished

Notes
Turn   | Place    | Note
-------+----------+-------------------------------------------
     0 | D:1      | jasper the Ogre Air Elementalist began the quest for the
                  | Orb.
     0 | D:1      | Reached XP level 1. HP: 16/16 MP: 3/3
   160 | D:1      | Reached skill level 1 in Fighting
   253 | D:1      | Reached XP level 2. HP: 27/27 MP: 2/5
   256 | D:1      | Learned a level 2 spell: Static Discharge
  1498 | D:2      | Reached XP level 3. HP: 36/36 MP: 2/7
  1502 | D:2      | Learned a level 3 spell: Swiftness
  1645 | D:2      | Found a hide-covered altar of Uskayaw.
  2380 | D:3      | Reached XP level 4. HP: 25/45 MP: 0/9
  2693 | D:3      | Noticed a scorpion
  2710 | D:3      | Killed a scorpion
  2711 | D:3      | Reached XP level 5. HP: 23/55 MP: 3/11
  2853 | D:3      | Learned a level 4 spell: Airstrike
  2944 | D:3      | Identified the +1 robe of Acafy {rPois Will+ Slay+2}
  2953 | D:3      | Found a glowing golden altar of the Shining One.
  3054 | D:3      | Noticed Grinder
  3700 | D:4      | Reached skill level 5 in Fighting
  3784 | D:4      | Found a basalt altar of Yredelemnul.
  3811 | D:4      | Found a blossoming altar of Fedhas.
  3872 | D:4      | Found a shadowy altar of Dithmenos.
  3893 | D:4      | Reached skill level 5 in Spellcasting
  3893 | D:4      | Reached XP level 6. HP: 66/66 MP: 5/13
  4357 | D:4      | Found a glowing silver altar of Zin.
  5228 | D:5      | Entered Level 5 of the Dungeon
  5307 | D:5      | Noticed an ice beast
  5314 | D:5      | Killed an ice beast
  5315 | D:5      | Reached XP level 7. HP: 57/76 MP: 1/16
  5453 | D:5      | Found a staircase to the Ecumenical Temple.
  5462 | Temple   | Entered the Ecumenical Temple
  5705 | D:5      | Found Yfuluism's Antique Armour Shop.
  5880 | D:5      | Found Jenlaari's Specific Store.
  5891 | D:5      | Found Wefuo's General Store.
  5895 | D:5      | Bought a scroll of fog for 52 gold pieces
  5895 | D:5      | Bought a scroll of teleportation for 39 gold pieces
  5895 | D:5      | Bought a potion of curing for 39 gold pieces
  5895 | D:5      | Bought a scroll of identify for 26 gold pieces
  5957 | D:5      | Learned a level 4 spell: Summon Lightning Spire
  6166 | D:5      | Found a broken altar of Ashenzari.
  6210 | D:6      | Noticed Sigmund
  6515 | D:3      | Found an ancient bone altar of Kikubaaqudgha.
  6534 | D:3      | Reached XP level 8. HP: 77/88 MP: 14/18
  6940 | D:6      | Killed Sigmund
  7370 | D:6      | Noticed Dowan
  7370 | D:6      | Noticed Duvessa
  7385 | D:6      | Killed Dowan
  7394 | D:6      | Killed Duvessa
  7651 | D:6      | Found an ornate altar of the Wu Jian Council.
  7775 | D:6      | Reached skill level 10 in Fighting
  7934 | D:6      | Noticed Eustachio
  7935 | D:6      | Found a transporter.
  7935 | D:6      | Found a transporter.
  7942 | D:6      | Killed Eustachio
  7943 | D:6      | Reached XP level 9. HP: 71/101 MP: 0/22
  7945 | D:6      | Noticed superbruh's ghost (novice MfSh)
  7964 | D:6      | Noticed a hornet
  8347 | D:6      | Found a hide-covered altar of Uskayaw.
  8416 | D:7      | Reached skill level 10 in Spellcasting
  8416 | D:7      | Reached skill level 3 in Air Magic
  8609 | D:7      | Reached skill level 4 in Air Magic
  8929 | D:7      | Noticed Jeremiah
  8940 | D:7      | Killed Jeremiah
  8941 | D:7      | Reached skill level 5 in Air Magic
  9138 | D:7      | Reached skill level 6 in Air Magic
  9482 | D:7      | Found a shimmering altar of Xom.
  9484 | D:7      | Found a sparkling altar of Nemelex Xobeh.
  9824 | D:8      | Reached skill level 7 in Air Magic
  9842 | D:8      | Reached XP level 10. HP: 110/110 MP: 15/24
  9926 | D:8      | Found a flagged portal.
  9932 | Bailey   | Entered a bailey
  9939 | Bailey   | Learned a level 5 spell: Arcjolt
 10035 | Bailey   | Noticed an orc warlord
 10037 | Bailey   | Reached skill level 1 in Conjurations
 10211 | Bailey   | Noticed an orc knight
 10236 | Bailey   | Killed an orc knight
 10336 | Bailey   | Found a runed translucent gate.
 10339 | Bailey   | Found a runed translucent gate.
 10341 | Bailey   | Found a runed translucent gate.
 10696 | Bailey   | Reached skill level 10 in Air Magic
 10696 | Bailey   | Reached XP level 11. HP: 117/117 MP: 25/25
 10704 | Bailey   | Learned a level 6 spell: Conjure Ball Lightning
 10960 | D:8      | Found Juixied's Book Shop.
 11755 | D:9      | Noticed a two-headed ogre
 11760 | D:9      | Killed a two-headed ogre
 11868 | D:9      | Found a staircase to the Orcish Mines.
 11944 | D:9      | Found a radiant altar of Vehumet.
 11948 | D:9      | Became a worshipper of Vehumet
 12016 | D:9      | Noticed Psyche
 12020 | D:9      | Killed Psyche
 12362 | D:9      | Noticed a deep elf knight
 12740 | D:9      | Identified the amulet of Fucuc {Faith Rampage Fragile rCorr
                  | Str+8}
 12806 | D:9      | Killed a deep elf knight
 13268 | D:10     | Entered Level 10 of the Dungeon
 13279 | D:10     | Noticed a two-headed ogre
 13448 | Orc:1    | Entered Level 1 of the Orcish Mines
 13453 | Orc:1    | Reached skill level 11 in Air Magic
 13709 | Orc:2    | Entered Level 2 of the Orcish Mines
 13720 | Orc:2    | Reached * piety under Vehumet
 13720 | Orc:2    | Offered knowledge of Freeze by Vehumet.
 13861 | Orc:1    | Found Zierch's Weapon Emporium.
 13984 | Orc:1    | Noticed a two-headed ogre
 13992 | Orc:1    | Killed a two-headed ogre
 14242 | Orc:1    | Noticed Erolcha
 14348 | D:10     | Killed a two-headed ogre
 14656 | D:10     | Learned a level 1 spell: Apportation
 14813 | D:10     | Reached XP level 12. HP: 126/126 MP: 17/26
 15217 | D:11     | Noticed Gastronok
 15817 | D:11     | Noticed Sonja
 15821 | D:11     | Killed Sonja
 16067 | D:11     | Reached skill level 12 in Air Magic
 16334 | D:11     | Killed Gastronok
 16335 | D:11     | Reached skill level 10 in Conjurations
 16464 | D:11     | Offered knowledge of Momentum Strike by Vehumet.
 16467 | D:11     | Reached ** piety under Vehumet
 16468 | D:11     | Found a staircase to the Lair.
 16978 | D:8      | Bought Maxwell's Memoranda for 640 gold pieces
 17869 | Lair:1   | Entered Level 1 of the Lair of Beasts
 18678 | Lair:1   | Reached skill level 13 in Air Magic
 18980 | Lair:1   | Offered knowledge of Poisonous Vapours by Vehumet.
 18981 | Lair:1   | Reached XP level 13. HP: 100/133 MP: 14/27
 19534 | Lair:2   | Found a large runed translucent door.
 19535 | Lair:2   | Found a large runed translucent door.
 19878 | Lair:2   | HP: 6/133 [skyshark (10)]
 19882 | Lair:2   | Slain by a skyshark

Illustrated notes

Levels and vault maps discovered:
D:1:      denvon_arrival_planthouse, layout_basic
D:2:      layout_loops_corners, basic_altar
D:3:      layout_basic, tso_oasis_becter, kennysheep_vampire_church,
          minmay_stone_trees_small, eino_curves_01, kennysheep_generic_room_15,
          uniq_grinder
D:4:      layout_layer_cave, lemuel_round_altar,
          mainiacjoe_overflow_concentric_impassable,
          mainiacjoe_overflow_two_lobes
D:5:      layout_gridville, lemuel_tele_altar, minmay_temple_entry_mini_moons,
          serial_shops, shop, nicolae_specific_store
D:6:      layout_rooms, overflow_temple_1_default,
          nicolae_wu_jian_immortal_techniques, gammafunk_ghost_hive,
          uniq_duvessa, uniq_eustachio, uniq_sigmund
D:7:      layout_rooms, minitemple, uniq_jeremiah
D:8:      layout_loops_ring, serial_shops, nicolae_inconvenience_store,
          enter_bailey_3, grunt_decor_resistance
D:9:      layout_basic, mainiacjoe_overflow_24_doors, orc_0_dummy,
          kennysheep_island_fort, uniq_psyche
D:10:     layout_gridville
D:11:     layout_stronghold, hellmonk_lair_entry_icy, uniq_gastronok, uniq_sonja
D:12:     layout_loops_cross, serial_shops, kennysheep_mini, serial_ice,
          serial_ice_m, serial_ice_g, serial_ice_n, serial_ice_f
Temple:   hellmonk_temple_flake
Lair:1:   layout_long_grid, portal_ice_cave_entry_ice_simulacra,
          beast_lair_carwin_6, serial_bayou_shore_b, grunt_megastairs_3
Lair:2:   layout_regular_city, nicolae_spider_entry_orb_guardian,
          ebering_ghost_disaster_area
Orc:1:    layout_diamond_mine, serial_shops, nicolae_shop_bloodbath_and_beyond,
          uniq_erolcha
Orc:2:    pf_orc_diabolical, layout_caves, gammafunk_ghost_abyssal_escape

Skill      XL: |  1  2  3  4  5  6  7  8  9 10 11 12 |
---------------+-------------------------------------+-----
Fighting       | 1 2 3 4 5 6 7 10 | 10.0
Spellcasting   | 3 4 5 6 7 9 10 | 10.0
Air Magic      | 7 10 11 13 | 13.3
Conjurations   | 7 9 11 | 11.4
Dodging        | |  1.7
Stealth        | |  1.4

Action                     |  1- 3 |  4- 6 |  7- 9 | 10-12 | 13-15 || total
---------------------------+-------+-------+-------+-------+-------++-------
  Melee: Unarmed           |     5 |       |       |       |       ||     5
         Whip              |     9 |    12 |       |       |       ||    21
         Flail             |       |     9 |    15 |       |       ||    24
         Trident           |       |       |     6 |    47 |    10 ||    63
  Throw: Dart              |       |     1 |       |       |       ||     1
   Cast: Shock             |    65 |   131 |   176 |   207 |    10 ||   589
         Static Discharge  |     1 |    11 |    41 |     8 |       ||    61
         Summon Lightning  |       |       |     1 |     8 |     5 ||    14
         Airstrike         |       |       |    22 |    94 |     4 ||   120
         Arcjolt           |       |       |       |    35 |     2 ||    37
         Conjure Ball Ligh |       |       |       |     8 |     1 ||     9
         Swiftness         |       |       |       |       |     1 ||     1
  Evoke: Wand              |       |       |     5 |     5 |       ||    10
    Use: Scroll            |     2 |     3 |     2 |    13 |     2 ||    22
         Potion            |       |       |       |     3 |     3 ||     6
 Armour: Robe              |    16 |    56 |   142 |   209 |    45 ||   468
  Dodge: Dodged            |    14 |    38 |    48 |    77 |    20 ||   197

Table legend: (Time is in decaauts)
 A = Elapsed time spent in this place.
 B = Non-inter-level travel time spent in this place.
 C = Inter-level travel time spent in this place.
 D = Time resting spent in this place.
 E = Time spent auto-exploring this place.
 F = Levels seen in this place.
 G = Mean time per level.
                   A        B        C        D        E       F      G
               +--------+--------+--------+--------+--------+-----+--------+
         Total |  19920 |  19071 |    849 |   2714 |  14127 |  18 | 1106.7 |
       Dungeon |  16275 |  15521 |    754 |   2236 |  11602 |  12 | 1356.2 |
        Temple |      1 |      1 |      0 |      0 |      0 |   1 |    1.0 |
          Lair |   2018 |   1990 |     28 |      2 |   1718 |   2 | 1009.0 |
  Orcish Mines |    851 |    784 |     67 |    228 |    471 |   2 |  425.5 |
        Bailey |    773 |    773 |      0 |    248 |    336 |   1 |  773.0 |
               +--------+--------+--------+--------+--------+-----+--------+

Top non-repeatable levels by time:
     D:4: 1976 daAuts
    D:11: 1914 daAuts
     D:9: 1843 daAuts
  Lair:1: 1617 daAuts
     D:8: 1505 daAuts
     D:5: 1500 daAuts
     D:6: 1384 daAuts
     D:3: 1290 daAuts
    D:10: 1253 daAuts
     D:2: 1190 daAuts
     D:1: 1140 daAuts
     D:7: 1120 daAuts
  Bailey: 773 daAuts
   Orc:1: 690 daAuts
  Lair:2: 400 daAuts
